 Dungeon Crawl Stone Soup version 0.25-a0-668-gea548f1 (webtiles) character file.

Game seed: 5714897305669543053, levelgen mode: deterministic

65 Faca the Skirmisher (level 4, 0/37 HPs)
             Began as a Human Fighter on Mar 28, 2020.
             Succumbed to Robin's poison
             ... on level 2 of the Dungeon.
             The game lasted 00:02:15 (1603 turns).

Faca the Skirmisher (Human Fighter)                 Turns: 1603, Time: 00:02:15

Health: 0/37       AC:  6    Str: 18    XL:     4   Next: 35%
Magic:  4/4        EV:  7    Int:  8    God:
Gold:   87         SH:  9    Dex: 12    Spells: 3/3 levels left

rFire    . . .     SeeInvis .   g - +0 dagger (venom)
rCold    . . .     Gourm    .   c - +0 kite shield
rNeg     . . .     Faith    .   b - +0 scale mail
rPois    .         Spirit   .   (no helmet)
rElec    .         Reflect  .   (no cloak)
rCorr    .         Harm     .   (no gloves)
MR       .....                  (no boots)
Stlth    ..........             (no amulet)
HPRegen  0.12/turn              (no ring)
MPRegen  0.09/turn              (no ring)

@: lethally poisoned (0 -> -5)
A: no striking features
a: no special abilities


You were on level 2 of the Dungeon.
You were not hungry.

You visited 1 branch of the dungeon, and saw 2 of its levels.

You collected 87 gold pieces.

Inventory:

Hand Weapons
 a - a +0 long sword
 g - a +0 dagger of venom (weapon)
Armour
 b - a +0 scale mail (worn)
 c - a +0 kite shield (worn)
Jewellery
 j - an uncursed amulet of regeneration
Scrolls
 e - 2 scrolls of teleportation
 h - 4 scrolls of identify
Potions
 d - a potion of might
Comestibles
 f - 3 rations


   Skills:
 + Level 4.0 Fighting
 + Level 3.3 Long Blades
 - Level 3.0 Armour
 - Level 3.0 Shields


You had 3 spell levels left.
You didn't know any spells.
Your spell library was empty.

Dungeon Overview and Level Annotations

Branches:
Dungeon (2/15)

Altars:


Message History

* * * LOW HITPOINT WARNING * * *
You feel sick.
There is a stone staircase leading down here.
* * * LOW HITPOINT WARNING * * *
You feel sick.
You climb downwards.
Level annotation: Robin
* * * LOW HITPOINT WARNING * * *
You feel sick.
You kill Robin!
Your Fighting skill increases to level 4!
There is a stone staircase leading up, spattered with blood here.
* * * LOW HITPOINT WARNING * * *
You feel sick.
You see here a +0 dagger.
* * * LOW HITPOINT WARNING * * *
You feel sick.
* * * LOW HITPOINT WARNING * * *
You feel sick.
You die...

#####.....#####
...............
#...<...#
#..)....#
###.....##
##......(# ##
#.........# .##
##.#.....>.# ..
#.@#.......#
#.###?###.....##
#..#..# ##...##
#.#.## .###
#...# .# ###.##
#..## #g..#
#..gg.l.#..#


There were no monsters in sight!

Vanquished Creatures
  Robin (D:2)
  An adder (D:1)
  An ooze (D:1)
  A worm (D:1)
  A leopard gecko (D:1)
  A ball python (D:1)
  2 giant cockroaches (D:1)
  10 goblins
  3 hobgoblins (D:1)
  7 kobolds (D:1)
  A quokka (D:1)
  3 bats (D:1)
  2 frilled lizards
  A rat (D:1)
35 creatures vanquished.

Notes
Turn   | Place    | Note
-------+----------+-------------------------------------------
     0 | D:1      | Faca the Human Fighter began the quest for the Orb.
     0 | D:1      | Reached XP level 1. HP: 18/18 MP: 1/1
   131 | D:1      | Reached XP level 2. HP: 18/24 MP: 2/2
   707 | D:1      | Reached XP level 3. HP: 12/29 MP: 3/3
  1191 | D:2      | Noticed Robin
  1431 | D:1      | Reached XP level 4. HP: 21/37 MP: 4/4
  1597 | D:2      | Killed Robin
  1597 | D:2      | Reached skill level 4 in Fighting
  1601 | D:2      | HP: 1/37 [poisoned by Robin]
  1603 | D:2      | Succumbed to Robin's poison

Levels and vault maps discovered:
D:1:      matt_arrival_spirals, layout_loops_ring, hex_large
D:2:      layout_rooms, yredelemnul_altar_generic, minmay_strange_pillars,
          serial_bayou_pond_e, uniq_robin

Skill      XL: |  1  2  3  4 |
---------------+-------------+-----
Long Blades    | 3 |  3.3
Fighting       | 4 |  4.0
Armour         | |  3.0
Shields        | |  3.0

Action                   |  1- 3 |  4- 6 || total
-------------------------+-------+-------++-------
Melee: Long sword        |    19 |       ||    19
       Dagger            |    88 |    15 ||   103
  Use: Scroll            |     4 |       ||     4
  Eat: Chunk             |     2 |       ||     2
Armor: Scale mail        |    54 |     1 ||    55
Dodge: Dodged            |    39 |     7 ||    46
Block: Kite shield       |    64 |     4 ||    68
       Rpst.: Long sword |     1 |       ||     1

Table legend:
 A = Non-vault XP
 B = Vault XP
 C = Vault XP percentage of total XP
 D = Non-vault monster count
 E = Vault monster count
 F = Vault count percentage of total count
                 A         B        C        D         E       F
            +---------+---------+-------+---------+---------+-------
      Total |      60 |      34 |  36.2 |      24 |      11 |  31.4
            +---------+---------+-------+---------+---------+-------
        D:1 |      59 |      11 |  15.7 |      23 |       6 |  20.7
        D:2 |       1 |      23 |  95.8 |       1 |       5 |  83.3
            +---------+---------+-------+---------+---------+-------
